 Dungeon Crawl Stone Soup version 0.18-a0-902-g8738618 (webtiles) character file.

57 Jmtri7 the Skirmisher (level 4, -5/38 HPs)
             Began as a Formicid Skald on Dec 24, 2015.
             Slain by Crazy Yiuf
             ... wielding a +4 quarterstaff of chaos
              (20 damage)
             ... on level 2 of the Dungeon.
             The game lasted 00:06:32 (1244 turns).

Jmtri7 the Skirmisher (Formicid Skald)              Turns: 1244, Time: 00:06:32

Health: -5/38      AC:  5    Str: 18    XL:     4   Next: 18%
Magic:  6/7        EV:  5    Int: 11    God:
Gold:   127        SH: 11    Dex: 10    Spells: 1 memorised, 6 levels left

rFire  . . .     SeeInvis +     a - +0 falchion
rCold  . . .     Gourm    .     h - +0 ring mail
rNeg   . . .     Faith    .     i - +0 large shield
rPois  .         Spirit   .     (helmet unavailable)
rElec  .         Dismiss  .     (no cloak)
rCorr  .         Reflect  .     (no gloves)
SustAt .         Harm     .     (no boots)
MR     .....                    (no amulet)
Stlth  ..........               (no ring)
                                (no ring)

@: very slightly contaminated, not resistant to hostile enchantments, extremely
unstealthy
A: permanent stasis, dig shafts and tunnels, four strong arms, antennae 3
a: Dig, Shaft Self


You were on level 2 of the Dungeon.
You were near starving.

You visited 1 branch of the dungeon, and saw 2 of its levels.

You collected 127 gold pieces.

Inventory:

Hand Weapons
 a - a +0 falchion (weapon)
Missiles
 p - 12 poisoned arrows
 r - 20 arrows
Armour
 h - a +0 ring mail (worn)
 i - a +0 large shield (worn)
Scrolls
 e - a scroll of noise {unknown}
 g - a scroll of enchant weapon {unknown}
 j - 2 scrolls of remove curse {unknown}
 m - a scroll of immolation {unknown}
 q - 2 scrolls of random uselessness {unknown}
 s - 2 scrolls of identify {unknown}
 t - a scroll of blinking {unknown}
 v - a scroll of amnesia {unknown}
 w - a scroll of magic mapping {unknown}
Potions
 b - a potion of might {unknown}
 l - a potion of curing {unknown}
 o - a potion of agility {unknown}
 x - a potion of brilliance {unknown}
Books
 c - a book of Battle

   Spells                             Type                      Level
   a - Infusion                       Charms                       1
   b - Shroud of Golubria             Charms/Translocation         2
   c - Song of Sleighing              Charms                       2
   d - Spectral Weapon                Hexes/Charms                 3
   e - Regeneration                   Charms/Necromancy            3
Comestibles
 d - a bread ration
 f - 4 fruits
 k - 2 meat rations
 n - a royal jelly
 u - a beef jerky


   Skills:
 + Level 4.5 Fighting
 - Level 2.0 Long Blades
 - Level 1.1 Armour
 - Level 0.8 Dodging
 - Level 2.1 Spellcasting
 - Level 3.0 Charms


You had 6 spell levels left.
You knew the following spells:

 Your Spells              Type           Power        Failure   Level  Hunger
a - Infusion              Chrm           #.....       100%        1    ##.....


Dungeon Overview and Level Annotations

Branches:
Dungeon (2/15)

Altars:
Yredelemnul

Annotations:
D:2 Crazy Yiuf


Innate Abilities, Weirdness & Mutations

You are under a permanent stasis effect.
You can dig through walls and to a lower floor.
Your four strong arms can wield two-handed weapons with a shield.
You have a pair of large antennae on your head (SInv).


Message History

Confirm with . or Enter, or press ? or * to list all spells.
You miscast Infusion.
You are very lightly contaminated with residual magic.
Nothing appears to happen.
You block Crazy Yiuf's attack.
You hit Crazy Yiuf.
Crazy Yiuf is lightly wounded.
Crazy Yiuf hits you with a quarterstaff of chaos!
You barely miss Crazy Yiuf.
Crazy Yiuf is lightly wounded.
Crazy Yiuf barely misses you. x2
You barely miss Crazy Yiuf.
Crazy Yiuf is lightly wounded.
Crazy Yiuf hits you with a quarterstaff of chaos.
You hit Crazy Yiuf.
Crazy Yiuf is moderately wounded.
Crazy Yiuf hits you with a quarterstaff of chaos!
You are electrocuted!
Ouch! That really hurt!
You die...

###### #.....# ###### #.....#
#####....# ♣♣♣♣♣##.....#
#...#....# ### ♣♣♣.♣.........#
....#....# #...#♣..♣......<...#
#...####.# #...g@♣♣♣♣.........#
....'.##.# #)..#♣♣ ♣♣........#
....#.##.# ### ♣♣##.....#
.####.##.# #.....### .......'.#
#........ .####.##.#### ###
#....#### .# #.##....# #.#
#.#..# .####.##....#########.#
#.#..#
>.....................###.#....


You could see Crazy Yiuf.

Vanquished Creatures
  Ijyb (D:2)
  A worm (D:2)
  A giant gecko (D:1)
  7 giant cockroaches
  4 goblins
  4 hobgoblins
  4 bats (D:1)
  2 giant newts
  3 rats (D:1)
27 creatures vanquished.

Notes
Turn   | Place    | Note
--------------------------------------------------------------
     0 | D:1      | Jmtri7 the Formicid Skald began the quest for the Orb.
     0 | D:1      | Reached XP level 1. HP: 16/16 MP: 3/3
   110 | D:1      | Reached XP level 2. HP: 20/23 MP: 5/5
   452 | D:1      | Reached XP level 3. HP: 25/29 MP: 4/6
   670 | D:2      | Noticed Ijyb
   714 | D:2      | Killed Ijyb
   714 | D:2      | Reached skill level 4 in Fighting
   755 | D:2      | Reached XP level 4. HP: 25/38 MP: 7/7
   807 | D:2      | HP: 1/38 [worm (2)]
  1157 | D:2      | Found a basalt altar of Yredelemnul.
  1237 | D:2      | Noticed Crazy Yiuf
  1244 | D:2      | Slain by Crazy Yiuf

Vault maps used:
D:1:      dpeg_arrival_short_road
D:2:      yredelemnul_altar_generic, uniq_crazy_yiuf_cottage, uniq_iyjb

Action                   |  1- 3 |  4- 6 || total
-------------------------+-------+-------++-------
Melee: Falchion          |   107 |    35 ||   142
